 Dungeon Crawl Stone Soup version 0.29.1-15-g9cfb28693d (webtiles) character file.

Game seed: 10559385668232712614

49 Gandil the Chopper (level 3, 0/33 HPs)
             Began as a Hill Orc Fighter on Mar 15, 2023.
             Slain by Pargi (4 damage)
             ... on level 3 of the Dungeon.
             The game lasted 00:06:31 (1801 turns).

Gandil the Chopper (Hill Orc Fighter)               Turns: 1801, Time: 00:06:32

Health: 0/33       AC:  7    Str: 20    XL:     3   Next: 77%
Magic:  3/3        EV:  9    Int:  8    God:
Gold:   164        SH:  4    Dex: 10    Spells: 2/2 levels left

rFire   . . .      SeeInvis .   a - +0 war axe
rCold   . . .      Faith    .   c - +0 buckler
rNeg    . . .      Spirit   .   b - +0 scale mail
rPois   .          Reflect  .   (no helmet)
rElec   .          Harm     .   (no cloak)
rCorr   .          Rampage  .   (no gloves)
Will    .....                   (no boots)
Stlth   ..........              (no amulet)
HPRegen 0.11/turn               (no ring)
MPRegen 0.08/turn               (no ring)

@: no status effects
A: no striking features
a: no special abilities


You were on level 3 of the Dungeon.
You visited 1 branch of the dungeon, and saw 3 of its levels.

You collected 164 gold pieces.

Inventory:

Hand Weapons
 a - a +0 war axe (weapon)
 o - a +0 hand axe
 r - a +0 dagger
 x - a +0 dagger
 y - a +0 short sword
 C - a +0 mace
 D - a +0 dagger
Missiles
 k - 32 stones (quivered)
Armour
 b - a +0 scale mail (worn)
 c - a +0 buckler (worn)
 h - a +0 buckler
 l - a +0 leather armour
 m - a +0 ring mail
 p - a +0 ring mail
 q - a +0 ring mail
 s - a +0 robe
 w - a +0 plate armour
 A - a +0 ring mail
Jewellery
 e - an amulet of regeneration
Scrolls
 g - 2 scrolls of noise {unknown}
 j - a scroll of fear {unknown}
 n - 2 scrolls of amnesia {unknown}
 t - a scroll of identify {unknown}
Potions
 d - a potion of might
 f - a potion of mutation {unknown}
 i - a potion of degeneration {unknown}
 u - a potion of flight {unknown}
 v - a potion of curing
 z - a potion of attraction {unknown}
 B - a potion of brilliance {unknown}


   Skills:
 + Level 4.0 Fighting
 + Level 4.1 Axes
 + Level 3.7 Armour
 + Level 0.2 Dodging
 + Level 3.4 Shields


You had 2 spell levels left.
You didn't know any spells.
Your spell library was empty.

Dungeon Overview and Level Annotations

Branches:
Dungeon (3/15)

Altars:

Annotations:
D:3 Pargi


Message History

Pargi claws you but does no damage. The bat hits you but does no damage.
The bat barely misses you. x2; Pargi bites you but does no damage.
Pargi claws you.
* * * LOW HITPOINT WARNING * * *
Pargi claws you but does no damage. The bat completely misses you.
The bat attacks as you move away! The bat hits you but does no damage.
You block the bat's attack. The bat misses you.
The bat hits you but does no damage. You block the bat's attack.
You block the bat's attack. The bat hits you.
* * * LOW HITPOINT WARNING * * *
The bat hits you.
* * * LOW HITPOINT WARNING * * *
The bat hits you.
* * * LOW HITPOINT WARNING * * *
The bat hits you but does no damage. The bat misses you.
The bat barely misses you. The bat closely misses you.
Pargi pleads, "Don't hit me!"
The bat hits you but does no damage. The bat attacks as you move away!
The bat hits you but does no damage. The bat misses you.
You block the bat's attack.
There are monsters nearby!
You miss the bat. The bat barely misses you. The bat misses you.
You block the bat's attack. The bat closely misses you.
You closely miss the bat. The bat hits you but does no damage.
You block Pargi's attack. Pargi claws you but does no damage.
You block Pargi's attack. The bat hits you but does no damage.
You block Pargi's attack. Pargi claws you but does no damage.
Pargi closely misses you. The bat hits you but does no damage.
The bat hits you but does no damage. You block the bat's attack.
You miss the bat. You closely miss Pargi. The bat hits you but does no damage.
Pargi barely misses you. Pargi claws you but does no damage. x2
You block the bat's attack. The bat barely misses you. Pargi bites you.
You die...

#.....# #.#..# ###.....
#.....# #.#..## #.......
#...<.# #.#...# #.......
#.....## #.#...######
#....... ####...#
#.##.......# #.......
##..## #.##...###.##
#....... #...# #..#.#.#
#..###....... #...##
#...T..# ##...........
##...#
#...b@.######.........
#...#
#.....................
##..#
#.....##..............
#..###.....................
#..........##..............
#.####.....####.##.........
#.# #.....# #..#..#.#....
#.. #.......###....#.#...#
### .###..#..# ..###.###.#


You could see Pargi and a bat.

Vanquished Creatures
  An adder (D:3)
  A worm (D:2)
  2 dart slugs
  An orc (D:2)
  5 bats
  4 endoplasms
  2 goblins
  2 hobgoblins (D:1)
  3 quokkas
  3 ball pythons
  A frilled lizard (D:1)
  4 kobolds
  3 rats
32 creatures vanquished.

Notes
Turn   | Place    | Note
-------+----------+-------------------------------------------
     0 | D:1      | Gandil the Hill Orc Fighter began the quest for the Orb.
     0 | D:1      | Reached XP level 1. HP: 19/19 MP: 1/1
   281 | D:1      | Reached XP level 2. HP: 23/27 MP: 2/2
   830 | D:2      | Reached XP level 3. HP: 22/33 MP: 3/3
  1769 | D:3      | Noticed Pargi
  1801 | D:3      | Slain by Pargi

Illustrated notes

Levels and vault maps discovered:
D:1:      matt_arrival_refuge, layout_rooms
D:2:      layout_basic
D:3:      layout_rooms, grunt_decor_cap, uniq_pargi

Skill      XL: |  1  2  3 |
---------------+----------+-----
Axes           | 3 4 |  4.1
Fighting       | 4 |  4.0
Armour         | |  3.7
Dodging        | |  0.2
Shields        | |  3.4

Action                   || total
-------------------------++-------
Melee: War axe           ||   100
Armor: Scale mail        ||    95
Dodge: Dodged            ||   103
Block: Buckler           ||    52
